Checkers vs Comets

Created - Friday, January 15, 2016 at 01:45

Goals
1 2 3 OT1 SO T
Checkers 0 0 1 0 0 1
Comets 0 0 1 0 1 2
Shots
1 2 3 OT1 SO T
Checkers 6 8 18 1 6 33
Comets 3 10 9 3 6 25

1st period

No Goal

Penalties :
Jeremy Welsh (UTI) for Fighting (Major) at 0:27, Brandon Mashinter (CHA) for Fighting (Major) at 0:27

2nd period

No Goal

Penalties :
Kent Huskins (UTI) for Fighting (Major) at 4:00, Jaime Sifers (CHA) for Fighting (Major) at 4:00, John Scott (UTI) for Tripping (Minor) at 8:28, Jared Boll (UTI) for Hooking (Minor) at 11:30, John Scott (UTI) for Hooking (Minor) at 19:32

3rd period

1. Comets , Tyler Kennedy 14 (Keith Ballard, Mike Sislo) at 0:18 (SH)
2. Checkers , Peter Harrold 8 (Aaron Ness, Jim O'Brien) at 0:51 (PP)

Penalties :
Jeremy Welsh (UTI) for Fighting (Major) at 5:14, Michael Latta (CHA) for Fighting (Major) at 5:14, Nicklas Jensen (UTI) for Fighting (Major) at 5:19, Brandon Mashinter (CHA) for Fighting (Major) at 5:19, Brandon Mashinter (CHA) for instigated a fight (Minor) at 5:19, Brandon Mashinter (CHA) for instigated a fight (10 Minutes Misconduct) at 5:19, Corbin McPherson (UTI) for Hooking (Minor) at 7:55, Michael Latta (CHA) for Interference (Minor) at 11:52, Landon Ferraro (UTI) for Cross-checking (Minor) at 15:18

Overtime #1

No Goal

Penalties :
No Penalty

Shootout

Penalty Shot by Sean Backman for Checkers - Shot Misses the Net
Penalty Shot by John Scott for Comets - Stopped by Drew MacIntyre
Penalty Shot by Michael Latta for Checkers - Stopped by Mike Condon
Penalty Shot by Tyler Kennedy for Comets - Stopped by Drew MacIntyre
Penalty Shot by Jim O'Brien for Checkers - Stopped by Mike Condon
Penalty Shot by Mike Sislo for Comets - Stopped by Drew MacIntyre
Penalty Shot by Andrew Gordon for Checkers - Stopped by Mike Condon
Penalty Shot by Jared Boll for Comets - Stopped by Drew MacIntyre
Penalty Shot by Brandon Mashinter for Checkers - Stopped by Mike Condon
Penalty Shot by Jeremy Welsh for Comets - Shot Misses the Net
Penalty Shot by Jason Chimera for Checkers - Stopped by Mike Condon
Penalty Shot by Landon Ferraro for Comets - Goal!

Penalties :
No Penalty

Goalie Stats

Drew MacIntyre (CHA), 24 saves from 25 shots - (0.960), OTL, 27-4-11, 65:00 minutes
Mike Condon (UTI), 32 saves from 33 shots - (0.970), W, 25-12-6, 65:00 minutes

Players Stats for Checkers

Player Name              G  A  P  +/- PIM S  H  SB GA TA FO     MP     PP MP  PK MP  
------------------------------------------------------------------------------------
Aaron Ness               0  1  1  -1  0   2  0  2  0  2  0/0    28:00   4:45   2:18 
Adam Cracknell           0  0  0   0  0   7  5  0  1  0  1/1    16:47   0:56   2:21 
Andrew Gordon            0  0  0   0  0   6  1  0  2  0  0/0    17:35   3:59   0:00 
Blake Parlett            0  0  0   0  0   0  5  1  1  1  0/0    25:35   4:30   1:40 
Brandon Mashinter        0  0  0  -1  22  1  2  0  1  2  0/3    15:56   3:15   0:00 
Colin Campbell           0  0  0   0  0   0  1  0  0  0  2/2    13:21   1:30   1:58 
Jaime Sifers             0  0  0   0  5   0  1  1  0  1  0/0    16:05   0:00   2:18 
Jason Chimera            0  0  0  -1  0   1  2  0  5  1  9/15   19:43   5:29   0:16 
Jim O'Brien              0  1  1  -1  0   4  0  0  3  0  0/0    20:18   5:40   1:15 
Julien Brouillette       0  0  0   0  0   0  0  1  0  2  0/0    21:48   4:30   1:40 
Mark Zengerle            0  0  0   0  0   0  0  3  1  0  2/4    11:37   0:00   2:06 
Michael Bournival        0  0  0   0  0   3  1  0  3  1  0/0    12:40   0:00   0:00 
Michael Latta            0  0  0   0  7   2  1  0  5  1  8/14   19:37   2:50   0:00 
Michael Sdao             0  0  0   0  0   1  1  2  0  1  0/0    17:49   0:00   0:00 
Peter Harrold            1  0  1  -1  0   3  1  4  3  2  0/0    20:42   4:45   0:00 
Sean Backman             0  0  0   0  0   2  0  0  1  0  0/0    15:32   4:06   0:00 
Triston Grant            0  0  0   0  0   0  1  0  1  1  0/0    11:26   0:00   0:00 
Wacey Hamilton           0  0  0   0  0   1  1  0  0  0  2/5    11:26   0:00   0:00 

Players Stats for Comets

Player Name              G  A  P  +/- PIM S  H  SB GA TA FO     MP     PP MP  PK MP  
------------------------------------------------------------------------------------
A.J. Jenks               0  0  0   0  0   0  0  0  0  1  0/0     9:50   0:00   0:00 
Andrew Ference           0  0  0   1  0   2  2  3  4  1  0/0    28:54   1:58   6:58 
Ben Hanowski             0  0  0   0  0   1  3  0  2  2  0/1    16:33   2:04   0:46 
Brendan Gaunce           0  0  0   0  0   1  1  0  0  1  4/9    17:45   0:00   2:34 
Corbin McPherson         0  0  0   0  2   1  0  2  0  0  0/0    14:44   0:00   0:00 
Derek Meech              0  0  0   0  0   3  1  1  1  1  0/0    16:02   0:00   1:30 
Jared Boll               0  0  0   0  2   1  6  0  4  0  0/1    15:41   0:00   1:04 
Jeremy Welsh             0  0  0   0  10  1  1  0  0  0  4/10   13:07   1:07   1:19 
John Scott               0  0  0   0  4   1  2  0  0  1  0/0    21:02   1:54   0:47 
Keith Ballard            0  1  1   1  0   0  0  0  3  2  0/0    24:51   1:58   6:58 
Kent Huskins             0  0  0   0  5   0  1  4  0  0  0/0    15:31   2:00   0:11 
Landon Ferraro           0  0  0   0  2   5  0  0  3  0  4/7    15:29   2:04   0:00 
Mark Pysyk               0  0  0   0  0   1  1  1  1  4  0/0    22:43   2:00   2:17 
Mat Clark                0  0  0   0  0   0  0  0  0  0  0/0     4:53   0:00   0:00 
Mike Sislo               0  1  1   1  0   1  1  3  1  1  1/3    22:09   2:04   5:56 
Nicklas Jensen           0  0  0   0  5   3  0  1  0  0  2/2    15:19   0:00   0:00 
Scott Glennie            0  0  0   0  0   1  0  0  1  0  1/1    14:00   0:47   0:00 
Tyler Kennedy            1  0  1   1  0   3  0  1  5  2  4/10   22:14   1:54   6:51 

3 Stars

1 - Mike Condon (UTI)
2 - Drew MacIntyre (CHA)
3 - Tyler Kennedy (UTI)

Power Play

Checkers - 1 on 5 Attempt(s) - 20.00%
Comets - 0 on 2 Attempt(s) - 0.00%

Penalty Kill

Checkers - 2 on 2 Attempt(s) - 100.00% - Score 0 goal in Penalty Kill
Comets - 4 on 5 Attempt(s) - 80.00% - Score 1 goal in Penalty Kill

Team Stat

Checkers - Hits : 23 - Faceoff Wins : 24 - Blocked Shots : 14 - Penalty Minutes : 34
Comets - Hits : 19 - Faceoff Wins : 20 - Blocked Shots : 16 - Penalty Minutes : 30

Official

Referees : Unknown
Linesman : Unknown

Game Notes

Jeremy Welsh beats up Brandon Mashinter at 0:27 of 1st period
Kent Huskins beats up Jaime Sifers at 4:00 of 2nd period
Jeremy Welsh beats up Michael Latta at 5:14 of 3rd period
Nicklas Jensen and Brandon Mashinter fight to a draw at 5:19 of 3rd period

Finance

Level 1 -- Attendance: 1547 (77.35%) -- Ticket Income $54,145
Level 2 -- Attendance: 701 (70.10%) -- Ticket Income $10,515
Total Attendance: 2248 (74.93%)
Total Ticket Income: $64,660
Other Income: $31,683
Total Income: $96,343

Checkers

5 vs 5 Forward 
   Center                   Left Wing                Right Wing               Time % Phy DF OF 
 1 Jason Chimera            Brandon Mashinter        Jim O'Brien              35     1   2  2  
 2 Michael Latta            Michael Bournival        Andrew Gordon            30     1   2  2  
 3 Mark Zengerle            Michael Latta            Sean Backman             22     1   2  2  
 4 Wacey Hamilton           Triston Grant            Adam Cracknell           13     1   2  2  

5 vs 5 Defense 
   Defense                  Defense                                           Time % Phy DF OF 
 1 Peter Harrold            Aaron Ness                                        35     1   2  2  
 2 Blake Parlett            Julien Brouillette                                30     1   2  2  
 3 Jaime Sifers             Michael Sdao                                      22     1   2  2  
 4 Blake Parlett            Aaron Ness                                        13     1   2  2  

PowerPlay Forward 
   Center                   Left Wing                Right Wing               Time % Phy DF OF 
 1 Jason Chimera            Brandon Mashinter        Jim O'Brien              60     1   2  2  
 2 Michael Latta            Sean Backman             Andrew Gordon            40     1   2  2  

PowerPlay Defense
   Defense                  Defense                                           Time % Phy DF OF 
 1 Peter Harrold            Aaron Ness                                        60     1   2  2  
 2 Blake Parlett            Julien Brouillette                                40     1   2  2  

Penalty Kill 4 Players Forward 
   Center                   Wing                     Time % Phy DF OF 
 1 Brandon Mashinter        Michael Latta            60     1   2  2  
 2 Jim O'Brien              Andrew Gordon            40     1   2  2  

Penalty Kill 4 Players Defense
   Defense                  Defense                  Time % Phy DF OF 
 1 Jaime Sifers             Aaron Ness               60     1   2  2  
 2 Blake Parlett            Julien Brouillette       40     1   2  2  

Penalty Kill - 3 Players Forward 
   Forward                                           Time % Phy DF OF 
 1 Jim O'Brien                                       60     1   2  2  
 2 Michael Latta                                     40     1   2  2  

Penalty Kill - 3 Players Defense
   Defense                  Defense                  Time % Phy DF OF 
 1 Peter Harrold            Aaron Ness               60     1   2  2  
 2 Blake Parlett            Julien Brouillette       40     1   2  2  

4 vs 4 Forward 
   Center                   Wing                     Time % Phy DF OF 
 1 Brandon Mashinter        Michael Latta            60     1   2  2  
 2 Jim O'Brien              Andrew Gordon            40     1   2  2  

4 vs 4 Defense
   Defense                  Defense                  Time % Phy DF OF 
 1 Michael Sdao             Aaron Ness               60     1   2  2  
 2 Blake Parlett            Julien Brouillette       40     1   2  2  

Last Minutes Offensive
   Center                   Left Wing                Right Wing               Defense                  Defense                  
   Jason Chimera            Brandon Mashinter        Jim O'Brien              Peter Harrold            Aaron Ness               

Last Minutes Defensive
   Center                   Left Wing                Right Wing               Defense                  Defense                  
   Jason Chimera            Brandon Mashinter        Jim O'Brien              Peter Harrold            Aaron Ness               

Goaltenders
Starting : Drew MacIntyre           
Backup : FARM GOALIE13            

Extra Forwards
Normal : Colin Campbell, Sean Backman, Mark Zengerle - PP : Colin Campbell, Sean Backman - PK : Mark Zengerle
Extra Defensemen
Normal : Jaime Sifers, Michael Sdao, Blake Parlett - PP : Jaime Sifers - PK : Michael Sdao, Blake Parlett
Penalty Shots
Sean Backman, Michael Latta, Jim O'Brien, Andrew Gordon, Brandon Mashinter

Comets

5 vs 5 Forward 
   Center                   Left Wing                Right Wing               Time % Phy DF OF 
 1 Jeremy Welsh             John Scott               Tyler Kennedy            35     1   2  2  
 2 Landon Ferraro           Ben Hanowski             Mike Sislo               30     1   2  2  
 3 Brendan Gaunce           Nicklas Jensen           Jared Boll               22     1   2  2  
 4 John Scott               A.J. Jenks               Scott Glennie            13     1   2  2  

5 vs 5 Defense 
   Defense                  Defense                                           Time % Phy DF OF 
 1 Andrew Ference           Keith Ballard                                     35     1   2  2  
 2 Mark Pysyk               Kent Huskins                                      30     1   2  2  
 3 Corbin McPherson         Derek Meech                                       22     1   2  2  
 4 Mat Clark                Andrew Ference                                    13     1   2  2  

PowerPlay Forward 
   Center                   Left Wing                Right Wing               Time % Phy DF OF 
 1 Jeremy Welsh             John Scott               Tyler Kennedy            60     1   2  2  
 2 Landon Ferraro           Ben Hanowski             Mike Sislo               40     1   2  2  

PowerPlay Defense
   Defense                  Defense                                           Time % Phy DF OF 
 1 Andrew Ference           Keith Ballard                                     60     1   2  2  
 2 Mark Pysyk               Kent Huskins                                      40     1   2  2  

Penalty Kill 4 Players Forward 
   Center                   Wing                     Time % Phy DF OF 
 1 Tyler Kennedy            Mike Sislo               60     1   2  2  
 2 Jared Boll               Jeremy Welsh             40     1   2  2  

Penalty Kill 4 Players Defense
   Defense                  Defense                  Time % Phy DF OF 
 1 Andrew Ference           Keith Ballard            60     1   2  2  
 2 John Scott               Mark Pysyk               40     1   2  2  

Penalty Kill - 3 Players Forward 
   Forward                                           Time % Phy DF OF 
 1 Tyler Kennedy                                     60     1   2  2  
 2 Mike Sislo                                        40     1   2  2  

Penalty Kill - 3 Players Defense
   Defense                  Defense                  Time % Phy DF OF 
 1 Andrew Ference           Keith Ballard            60     1   2  2  
 2 John Scott               Mark Pysyk               40     1   2  2  

4 vs 4 Forward 
   Center                   Wing                     Time % Phy DF OF 
 1 Tyler Kennedy            Mike Sislo               60     1   2  2  
 2 Jared Boll               Jeremy Welsh             40     1   2  2  

4 vs 4 Defense
   Defense                  Defense                  Time % Phy DF OF 
 1 Andrew Ference           Keith Ballard            60     1   2  2  
 2 John Scott               Mark Pysyk               40     1   2  2  

Last Minutes Offensive
   Center                   Left Wing                Right Wing               Defense                  Defense                  
   Jeremy Welsh             John Scott               Tyler Kennedy            Andrew Ference           Keith Ballard            

Last Minutes Defensive
   Center                   Left Wing                Right Wing               Defense                  Defense                  
   Jeremy Welsh             John Scott               Tyler Kennedy            Andrew Ference           Keith Ballard            

Goaltenders
Starting : Mike Condon              
Backup : Scott Wedgewood          

Extra Forwards
Normal : Nicklas Jensen, Scott Glennie, Brendan Gaunce - PP : Nicklas Jensen, Scott Glennie - PK : Brendan Gaunce
Extra Defensemen
Normal : Corbin McPherson, Derek Meech, Mat Clark - PP : Corbin McPherson - PK : Derek Meech, Mat Clark
Penalty Shots
John Scott, Tyler Kennedy, Mike Sislo, Jared Boll, Jeremy Welsh

% Time on Ice - Checkers

Lines # - Real PCT - Wanted PCT - Time Play
Normal Forward
1 - 31% - 35% - 14:23
2 - 28% - 30% - 13:01
3 - 17% - 22% - 7:57
4 - 24% - 13% - 11:26
Normal Defense
1 - 35% - 35% - 16:30
2 - 28% - 30% - 13:15
3 - 32% - 22% - 15:12
4 - 4% - 13% - 1:50
PP Forward
1 - 60% - 60% - 5:31
2 - 40% - 40% - 3:44
PP Defense
1 - 51% - 60% - 4:45
2 - 49% - 40% - 4:30
PK Forward
1 - 100% - 60% - 3:58
2 - 0% - 40% - 0:00
PK Defense
1 - 58% - 60% - 2:18
2 - 42% - 40% - 1:40
PK3 Forward
1 - 0% - 60%
2 - 0% - 40%
PK3 Defense
1 - 0% - 60%
2 - 0% - 40%
44 Forward
1 - 100% - 60% - 5:00
2 - 0% - 40% - 0:00
44 Defense
1 - 52% - 60% - 2:37
2 - 48% - 40% - 2:23
Last Minute Offensive  - 0:00
Last Minute Defensive  - 0:00
Total
Forward - 65:00
Defense - 65:00

% Time on Ice - Comets

Lines # - Real PCT - Wanted PCT - Time Play
Normal Forward
1 - 23% - 35% - 10:37
2 - 29% - 30% - 13:36
3 - 28% - 22% - 13:10
4 - 20% - 13% - 9:24
Normal Defense
1 - 27% - 35% - 12:42
2 - 35% - 30% - 16:14
3 - 28% - 22% - 12:58
4 - 10% - 13% - 4:53
PP Forward
1 - 48% - 60% - 1:54
2 - 52% - 40% - 2:04
PP Defense
1 - 50% - 60% - 1:58
2 - 50% - 40% - 2:00
PK Forward
1 - 80% - 60% - 7:24
2 - 20% - 40% - 1:51
PK Defense
1 - 75% - 60% - 6:58
2 - 25% - 40% - 2:17
PK3 Forward
1 - 0% - 60%
2 - 0% - 40%
PK3 Defense
1 - 0% - 60%
2 - 0% - 40%
44 Forward
1 - 100% - 60% - 5:00
2 - 0% - 40% - 0:00
44 Defense
1 - 56% - 60% - 2:48
2 - 44% - 40% - 2:12
Last Minute Offensive  - 0:00
Last Minute Defensive  - 0:00
Total
Forward - 65:00
Defense - 65:00

Play by Play

1st period


0:01 of 1st period - Jason Chimera wins face-off versus Jeremy Welsh in neutral zone.
0:27 of 1st period - Jeremy Welsh beats up Brandon Mashinter.
0:27 of 1st period - Penalty to Jeremy Welsh for Fighting.
0:27 of 1st period - Penalty to Brandon Mashinter for Fighting.
0:28 of 1st period - Landon Ferraro wins face-off versus Michael Latta in Comets zone.
0:41 of 1st period - Slapshot by Michael Bournival.
0:41 of 1st period - Deflect By Andrew Gordon.
0:41 of 1st period - Shot Misses the Net.
0:41 of 1st period - Puck is out of play.
0:42 of 1st period - Landon Ferraro wins face-off versus Michael Latta in Comets zone.
0:47 of 1st period - Wrist shot by Michael Latta.
0:47 of 1st period - Stopped by Mike Condon with a rebound.
0:49 of 1st period - Snap shot by Andrew Gordon.
0:49 of 1st period - Deflect By Michael Bournival.
0:49 of 1st period - Shot Misses the Net.
0:49 of 1st period - Puck is out of play.
0:50 of 1st period - Mark Zengerle wins face-off versus Jared Boll in Comets zone.
1:51 of 1st period - Scott Glennie is hit by Wacey Hamilton and loses puck.
2:08 of 1st period - Wrist shot by Adam Cracknell.
2:08 of 1st period - Shot Hit the Post.
2:10 of 1st period - Slapshot by Adam Cracknell.
2:10 of 1st period - Shot Blocked by Andrew Ference.
3:30 of 1st period - Nicklas Jensen is hit by Michael Bournival and loses puck.
3:58 of 1st period - Corbin McPherson is hit by Adam Cracknell and loses puck.
4:45 of 1st period - Backhand shot by Jason Chimera.
4:45 of 1st period - Deflect By Jim O'Brien.
4:45 of 1st period - Stopped by Mike Condon with a rebound.
4:47 of 1st period - Slapshot by Colin Campbell.
4:47 of 1st period - Shot Blocked by Tyler Kennedy.
5:01 of 1st period - Wrist shot by Michael Bournival.
5:01 of 1st period - Shot Blocked by Corbin McPherson.
5:03 of 1st period - Slapshot by Andrew Gordon.
5:03 of 1st period - Deflect By Michael Bournival.
5:03 of 1st period - Stopped by Mike Condon without a rebound.
5:04 of 1st period - Landon Ferraro wins face-off versus Michael Latta in Comets zone.
5:26 of 1st period - Ben Hanowski is hit by Peter Harrold and loses puck.
5:37 of 1st period - Andrew Ference is hit by Adam Cracknell and loses puck.
6:30 of 1st period - Wrist shot by Michael Latta.
6:30 of 1st period - Shot Hit the Post.
6:32 of 1st period - Snap shot by Sean Backman.
6:32 of 1st period - Stopped by Mike Condon with a rebound.
7:05 of 1st period - Snap shot by Andrew Gordon.
7:05 of 1st period - Shot Blocked by Kent Huskins.
7:07 of 1st period - Wrist shot by Colin Campbell.
7:07 of 1st period - Shot Misses the Net.
7:09 of 1st period - Slapshot by Julien Brouillette.
7:09 of 1st period - Shot Misses the Net.
7:11 of 1st period - Slapshot by Blake Parlett.
7:11 of 1st period - Shot Blocked by Mark Pysyk.
7:29 of 1st period - Andrew Ference is hit by Blake Parlett and loses puck.
7:49 of 1st period - Icing by Triston Grant.
7:50 of 1st period - Jeremy Welsh wins face-off versus Wacey Hamilton in Checkers zone.
8:15 of 1st period - Andrew Ference is hit by Jason Chimera and loses puck.
8:58 of 1st period - Wrist shot by Jared Boll.
8:58 of 1st period - Deflect By Brendan Gaunce.
8:58 of 1st period - Stopped by Drew MacIntyre without a rebound.
8:59 of 1st period - Brendan Gaunce wins face-off versus Michael Latta in Checkers zone.
9:37 of 1st period - Backhand shot by Jim O'Brien.
9:37 of 1st period - Shot Misses the Net.
9:39 of 1st period - Snap shot by Jason Chimera.
9:39 of 1st period - Shot Blocked by Corbin McPherson.
10:37 of 1st period - Jared Boll is hit by Colin Campbell and loses puck.
10:42 of 1st period - Snap shot by Sean Backman.
10:42 of 1st period - Stopped by Mike Condon with a rebound.
11:17 of 1st period - Jason Chimera is hit by Andrew Ference.
12:00 of 1st period - Wrist shot by Jared Boll.
12:00 of 1st period - Stopped by Drew MacIntyre with a rebound.
12:10 of 1st period - Wrist shot by Nicklas Jensen.
12:10 of 1st period - Stopped by Drew MacIntyre with a rebound.
12:46 of 1st period - Kent Huskins is hit by Triston Grant and loses puck.
14:11 of 1st period - Adam Cracknell is hit by Derek Meech and loses puck.
14:26 of 1st period - Andrew Ference is hit by Adam Cracknell and loses puck.
17:34 of 1st period - Snap shot by Andrew Gordon.
17:34 of 1st period - Stopped by Mike Condon with a rebound.
17:40 of 1st period - Andrew Gordon is hit by Jared Boll and loses puck.
19:41 of 1st period - Tyler Kennedy is hit by Andrew Gordon and loses puck.
Goals for this period are 0 for Checkers vs 0 for Comets.
Shots for this period are 6 for Checkers vs 3 for Comets.

2nd period


0:01 of 2nd period - Jason Chimera wins face-off versus Jeremy Welsh in neutral zone.
0:31 of 2nd period - Off-side.
0:32 of 2nd period - Michael Latta wins face-off versus Ben Hanowski in neutral zone.
0:41 of 2nd period - Michael Bournival is hit by Ben Hanowski.
0:57 of 2nd period - Michael Bournival is hit by Mark Pysyk and loses puck.
1:33 of 2nd period - Wrist shot by Adam Cracknell.
1:33 of 2nd period - Stopped by Mike Condon with a rebound.
1:50 of 2nd period - Slapshot by Aaron Ness.
1:50 of 2nd period - Stopped by Mike Condon without a rebound.
1:51 of 2nd period - Jeremy Welsh wins face-off versus Jason Chimera in Comets zone.
2:48 of 2nd period - Backhand shot by Peter Harrold.
2:48 of 2nd period - Deflect By Michael Latta.
2:48 of 2nd period - Stopped by Mike Condon with a rebound.
2:58 of 2nd period - Slapshot by Peter Harrold.
2:58 of 2nd period - Shot Blocked by Mike Sislo.
3:26 of 2nd period - Wrist shot by Jared Boll.
3:26 of 2nd period - Shot Misses the Net.
3:28 of 2nd period - Backhand shot by Nicklas Jensen.
3:28 of 2nd period - Stopped by Drew MacIntyre with a rebound.
3:30 of 2nd period - Slapshot by Derek Meech.
3:30 of 2nd period - Shot Blocked by Mark Zengerle.
3:40 of 2nd period - Sean Backman is hit by John Scott and loses puck.
3:47 of 2nd period - Wrist shot by A.J. Jenks.
3:47 of 2nd period - Shot Blocked by Peter Harrold.
3:49 of 2nd period - Slapshot by Derek Meech.
3:49 of 2nd period - Shot Blocked by Peter Harrold.
3:51 of 2nd period - Wrist shot by Scott Glennie.
3:51 of 2nd period - Stopped by Drew MacIntyre with a rebound.
3:53 of 2nd period - Snap shot by A.J. Jenks.
3:53 of 2nd period - Shot Misses the Net.
4:00 of 2nd period - Kent Huskins beats up Jaime Sifers.
4:00 of 2nd period - Penalty to Kent Huskins for Fighting.
4:00 of 2nd period - Penalty to Jaime Sifers for Fighting.
4:01 of 2nd period - Jason Chimera wins face-off versus Landon Ferraro in Comets zone.
4:29 of 2nd period - Snap shot by Ben Hanowski.
4:29 of 2nd period - Shot Blocked by Julien Brouillette.
4:31 of 2nd period - Snap shot by Landon Ferraro.
4:31 of 2nd period - Shot Blocked by Blake Parlett.
4:35 of 2nd period - Wrist shot by Ben Hanowski.
4:35 of 2nd period - Deflect By Landon Ferraro.
4:35 of 2nd period - Stopped by Drew MacIntyre with a rebound.
4:37 of 2nd period - Snap shot by Corbin McPherson.
4:37 of 2nd period - Stopped by Drew MacIntyre with a rebound.
4:55 of 2nd period - Wacey Hamilton is hit by Jared Boll and loses puck.
5:06 of 2nd period - Snap shot by Andrew Ference.
5:06 of 2nd period - Shot Misses the Net.
5:08 of 2nd period - Slapshot by Nicklas Jensen.
5:08 of 2nd period - Stopped by Drew MacIntyre with a rebound.
5:10 of 2nd period - Wrist shot by Jared Boll.
5:10 of 2nd period - Shot Hit the Post.
5:54 of 2nd period - Slapshot by Mark Pysyk.
5:54 of 2nd period - Shot Misses the Net.
6:12 of 2nd period - Michael Latta is hit by John Scott and loses puck.
6:47 of 2nd period - Peter Harrold is hit by Ben Hanowski.
6:57 of 2nd period - Wrist shot by Landon Ferraro.
6:57 of 2nd period - Stopped by Drew MacIntyre with a rebound.
6:59 of 2nd period - Slapshot by Mike Sislo.
6:59 of 2nd period - Deflect By Landon Ferraro.
6:59 of 2nd period - Stopped by Drew MacIntyre without a rebound.
7:00 of 2nd period - Michael Latta wins face-off versus Brendan Gaunce in Checkers zone.
7:54 of 2nd period - Wrist shot by Landon Ferraro.
7:54 of 2nd period - Stopped by Drew MacIntyre with a rebound.
8:00 of 2nd period - Wrist shot by Ben Hanowski.
8:00 of 2nd period - Shot Blocked by Peter Harrold.
8:16 of 2nd period - Jim O'Brien is hit by Jeremy Welsh and loses puck.
8:28 of 2nd period - Minor Penalty to John Scott for Tripping.
8:29 of 2nd period - Tyler Kennedy wins face-off versus Jason Chimera in Comets zone.
8:49 of 2nd period - Backhand shot by Tyler Kennedy.
8:49 of 2nd period - Shot Misses the Net.
8:51 of 2nd period - Backhand shot by Derek Meech.
8:51 of 2nd period - Stopped by Drew MacIntyre with a rebound.
9:00 of 2nd period - Penalty to Kent Huskins is over, Kent Huskins is back on ice.
9:58 of 2nd period - Julien Brouillette is hit by Ben Hanowski and loses puck.
10:28 of 2nd period - Penalty to John Scott is over, John Scott is back on ice.
10:51 of 2nd period - Slapshot by Andrew Ference.
10:51 of 2nd period - Shot Misses the Net.
11:30 of 2nd period - Minor Penalty to Jared Boll for Hooking.
11:31 of 2nd period - Tyler Kennedy wins face-off versus Jason Chimera in Comets zone.
11:36 of 2nd period - Icing by Jason Chimera.
11:37 of 2nd period - Jason Chimera wins face-off versus Tyler Kennedy in Checkers zone.
12:04 of 2nd period - Andrew Ference is hit by Blake Parlett and loses puck.
13:01 of 2nd period - Snap shot by Jeremy Welsh.
13:01 of 2nd period - Stopped by Drew MacIntyre without a rebound.
13:02 of 2nd period - Michael Latta wins face-off versus Brendan Gaunce in Checkers zone.
13:30 of 2nd period - Penalty to Jared Boll is over, Jared Boll is back on ice.
13:45 of 2nd period - Snap shot by Andrew Gordon.
13:45 of 2nd period - Stopped by Mike Condon with a rebound.
14:07 of 2nd period - Slapshot by Triston Grant.
14:07 of 2nd period - Deflect By Wacey Hamilton.
14:07 of 2nd period - Stopped by Mike Condon with a rebound.
14:09 of 2nd period - Slapshot by Jaime Sifers.
14:09 of 2nd period - Deflect By Adam Cracknell.
14:09 of 2nd period - Stopped by Mike Condon without a rebound.
14:10 of 2nd period - Landon Ferraro wins face-off versus Wacey Hamilton in Comets zone.
14:23 of 2nd period - Wrist shot by Adam Cracknell.
14:23 of 2nd period - Stopped by Mike Condon without a rebound.
14:24 of 2nd period - Wacey Hamilton wins face-off versus Landon Ferraro in Comets zone.
15:14 of 2nd period - Blake Parlett is hit by Jared Boll and loses puck.
15:40 of 2nd period - Keith Ballard is hit by Blake Parlett and loses puck.
16:11 of 2nd period - Snap shot by Peter Harrold.
16:11 of 2nd period - Shot Hit the Post.
17:17 of 2nd period - Jason Chimera is hit by Jared Boll and loses puck.
17:48 of 2nd period - Jason Chimera is hit by Kent Huskins and loses puck.
19:27 of 2nd period - Snap shot by Mark Zengerle.
19:27 of 2nd period - Shot Blocked by Derek Meech.
19:32 of 2nd period - Minor Penalty to John Scott for Hooking.
19:33 of 2nd period - Michael Latta wins face-off versus Tyler Kennedy in Comets zone.
19:37 of 2nd period - Wrist shot by Sean Backman.
19:37 of 2nd period - Shot Misses the Net.
19:39 of 2nd period - Slapshot by Julien Brouillette.
19:39 of 2nd period - Shot Blocked by Mike Sislo.
19:41 of 2nd period - Slapshot by Julien Brouillette.
19:41 of 2nd period - Shot Misses the Net.
19:43 of 2nd period - Slapshot by Andrew Gordon.
19:43 of 2nd period - Shot Misses the Net.
19:45 of 2nd period - Slapshot by Andrew Gordon.
19:45 of 2nd period - Stopped by Mike Condon without a rebound.
19:46 of 2nd period - Michael Latta wins face-off versus Tyler Kennedy in Comets zone.
Goals for this period are 0 for Checkers vs 0 for Comets.
Shots for this period are 8 for Checkers vs 10 for Comets.

3rd period


0:01 of 3rd period - Jason Chimera wins face-off versus Mike Sislo in neutral zone.
0:04 of 3rd period - Keith Ballard is hit by Brandon Mashinter and loses puck.
0:12 of 3rd period - Icing by Peter Harrold.
0:13 of 3rd period - Tyler Kennedy wins face-off versus Jason Chimera in Checkers zone.
0:14 of 3rd period - Snap shot by Mike Sislo.
0:14 of 3rd period - Shot Blocked by Peter Harrold.
0:18 of 3rd period - Snap shot by Tyler Kennedy.
0:18 of 3rd period - Goal by Tyler Kennedy - Checkers : 0 - Comets : 1.
0:19 of 3rd period - Jason Chimera wins face-off versus Tyler Kennedy in neutral zone.
0:22 of 3rd period - Andrew Ference is hit by Brandon Mashinter and loses puck.
0:43 of 3rd period - Snap shot by Jim O'Brien.
0:43 of 3rd period - Stopped by Mike Condon with a rebound.
0:45 of 3rd period - Slapshot by Aaron Ness.
0:45 of 3rd period - Shot Misses the Net.
0:47 of 3rd period - Slapshot by Aaron Ness.
0:47 of 3rd period - Shot Misses the Net.
0:49 of 3rd period - Slapshot by Peter Harrold.
0:49 of 3rd period - Shot Blocked by Andrew Ference.
0:51 of 3rd period - Slapshot by Peter Harrold.
0:51 of 3rd period - Goal by Peter Harrold - Checkers : 1 - Comets : 1.
0:52 of 3rd period - Michael Latta wins face-off versus Jeremy Welsh in neutral zone.
1:42 of 3rd period - Mike Sislo is hit by Blake Parlett and loses puck.
2:04 of 3rd period - Wrist shot by Mike Sislo.
2:04 of 3rd period - Stopped by Drew MacIntyre with a rebound.
2:06 of 3rd period - Slapshot by Derek Meech.
2:06 of 3rd period - Stopped by Drew MacIntyre with a rebound.
2:16 of 3rd period - Wrist shot by Jared Boll.
2:16 of 3rd period - Shot Misses the Net.
2:18 of 3rd period - Wrist shot by Derek Meech.
2:18 of 3rd period - Stopped by Drew MacIntyre without a rebound.
2:19 of 3rd period - Brendan Gaunce wins face-off versus Wacey Hamilton in Checkers zone.
2:30 of 3rd period - Kent Huskins is hit by Adam Cracknell.
2:48 of 3rd period - Wrist shot by Adam Cracknell.
2:48 of 3rd period - Shot Blocked by Nicklas Jensen.
2:50 of 3rd period - Snap shot by Adam Cracknell.
2:50 of 3rd period - Stopped by Mike Condon with a rebound.
2:52 of 3rd period - Backhand shot by Adam Cracknell.
2:52 of 3rd period - Stopped by Mike Condon without a rebound.
2:53 of 3rd period - Jeremy Welsh wins face-off versus Michael Latta in Comets zone.
3:00 of 3rd period - Slapshot by Andrew Ference.
3:00 of 3rd period - Deflect By Tyler Kennedy.
3:00 of 3rd period - Stopped by Drew MacIntyre with a rebound.
3:39 of 3rd period - Snap shot by Jim O'Brien.
3:39 of 3rd period - Shot Misses the Net.
3:41 of 3rd period - Slapshot by Michael Sdao.
3:41 of 3rd period - Stopped by Mike Condon without a rebound.
3:42 of 3rd period - Jason Chimera wins face-off versus Landon Ferraro in Comets zone.
3:51 of 3rd period - Snap shot by Jason Chimera.
3:51 of 3rd period - Shot Blocked by Kent Huskins.
3:59 of 3rd period - Snap shot by Jim O'Brien.
3:59 of 3rd period - Stopped by Mike Condon with a rebound.
4:01 of 3rd period - Slapshot by Jim O'Brien.
4:01 of 3rd period - Deflect By Brandon Mashinter.
4:01 of 3rd period - Stopped by Mike Condon with a rebound.
4:03 of 3rd period - Slapshot by Aaron Ness.
4:03 of 3rd period - Shot Blocked by Kent Huskins.
4:05 of 3rd period - Slapshot by Peter Harrold.
4:05 of 3rd period - Shot Blocked by Kent Huskins.
4:27 of 3rd period - Slapshot by Peter Harrold.
4:27 of 3rd period - Shot Misses the Net.
4:29 of 3rd period - Snap shot by Adam Cracknell.
4:29 of 3rd period - Stopped by Mike Condon with a rebound.
4:31 of 3rd period - Snap shot by Triston Grant.
4:31 of 3rd period - Deflect By Wacey Hamilton.
4:31 of 3rd period - Shot Misses the Net.
4:31 of 3rd period - Puck is out of play.
4:32 of 3rd period - Wacey Hamilton wins face-off versus Brendan Gaunce in Comets zone.
4:57 of 3rd period - Off-side.
4:58 of 3rd period - Michael Latta wins face-off versus Jeremy Welsh in neutral zone.
5:14 of 3rd period - Jeremy Welsh beats up Michael Latta.
5:14 of 3rd period - Penalty to Jeremy Welsh for Fighting.
5:14 of 3rd period - Penalty to Michael Latta for Fighting.
5:15 of 3rd period - Nicklas Jensen wins face-off versus Jason Chimera in neutral zone.
5:18 of 3rd period - Slapshot by Keith Ballard.
5:18 of 3rd period - Shot Blocked by Aaron Ness.
5:19 of 3rd period - Nicklas Jensen and Brandon Mashinter fight to a draw.
5:19 of 3rd period - Penalty to Nicklas Jensen for Fighting.
5:19 of 3rd period - Penalty to Brandon Mashinter for Fighting.
5:19 of 3rd period - Penalty to Brandon Mashinter for instigated a fight.
5:19 of 3rd period - Penalty to Brandon Mashinter for instigated a fight.
5:20 of 3rd period - Scott Glennie wins face-off versus Mark Zengerle in Checkers zone.
5:41 of 3rd period - Slapshot by Andrew Ference.
5:41 of 3rd period - Shot Blocked by Jaime Sifers.
6:28 of 3rd period - Julien Brouillette is hit by Mike Sislo and loses puck.
7:19 of 3rd period - Penalty to Brandon Mashinter is over, Adam Cracknell is send on ice.
7:25 of 3rd period - Derek Meech is hit by Jaime Sifers and loses puck.
7:34 of 3rd period - Snap shot by Michael Bournival.
7:34 of 3rd period - Shot Misses the Net.
7:40 of 3rd period - Snap shot by Andrew Gordon.
7:40 of 3rd period - Stopped by Mike Condon with a rebound.
7:42 of 3rd period - Slapshot by Peter Harrold.
7:42 of 3rd period - Deflect By Michael Bournival.
7:42 of 3rd period - Stopped by Mike Condon with a rebound.
7:44 of 3rd period - Slapshot by Peter Harrold.
7:44 of 3rd period - Deflect By Michael Bournival.
7:44 of 3rd period - Stopped by Mike Condon with a rebound.
7:55 of 3rd period - Minor Penalty to Corbin McPherson for Hooking.
7:56 of 3rd period - Tyler Kennedy wins face-off versus Jason Chimera in Comets zone.
9:13 of 3rd period - Keith Ballard is hit by Adam Cracknell and loses puck.
9:53 of 3rd period - Slapshot by Peter Harrold.
9:53 of 3rd period - Deflect By Keith Ballard.
9:53 of 3rd period - Stopped by Mike Condon with a rebound.
9:55 of 3rd period - Penalty to Corbin McPherson is over, Corbin McPherson is back on ice.
10:11 of 3rd period - Sean Backman is hit by Jared Boll and loses puck.
11:14 of 3rd period - Snap shot by Wacey Hamilton.
11:14 of 3rd period - Shot Misses the Net.
11:19 of 3rd period - Off-side.
11:20 of 3rd period - Jason Chimera wins face-off versus Brendan Gaunce in neutral zone.
11:52 of 3rd period - Minor Penalty to Michael Latta for Interference.
11:53 of 3rd period - Jeremy Welsh wins face-off versus Mark Zengerle in Checkers zone.
11:56 of 3rd period - Slapshot by Jeremy Welsh.
11:56 of 3rd period - Shot Blocked by Mark Zengerle.
11:58 of 3rd period - Snap shot by Jeremy Welsh.
11:58 of 3rd period - Shot Blocked by Aaron Ness.
12:00 of 3rd period - Slapshot by Mark Pysyk.
12:00 of 3rd period - Shot Blocked by Mark Zengerle.
12:02 of 3rd period - Snap shot by John Scott.
12:02 of 3rd period - Stopped by Drew MacIntyre with a rebound.
12:04 of 3rd period - Snap shot by Tyler Kennedy.
12:04 of 3rd period - Stopped by Drew MacIntyre with a rebound.
12:43 of 3rd period - Wrist shot by Landon Ferraro.
12:43 of 3rd period - Stopped by Drew MacIntyre without a rebound.
12:44 of 3rd period - Mark Zengerle wins face-off versus Jeremy Welsh in Checkers zone.
13:05 of 3rd period - Blake Parlett is hit by Andrew Ference and loses puck.
13:30 of 3rd period - Snap shot by Ben Hanowski.
13:30 of 3rd period - Stopped by Drew MacIntyre with a rebound.
13:43 of 3rd period - Off-side.
13:44 of 3rd period - Adam Cracknell wins face-off versus Jeremy Welsh in neutral zone.
13:52 of 3rd period - Penalty to Michael Latta is over, Michael Latta is back on ice.
14:47 of 3rd period - Ben Hanowski is hit by Michael Latta and loses puck.
15:10 of 3rd period - Slapshot by Jim O'Brien.
15:10 of 3rd period - Stopped by Mike Condon with a rebound.
15:12 of 3rd period - Slapshot by Jaime Sifers.
15:12 of 3rd period - Shot Blocked by Mike Sislo.
15:18 of 3rd period - Minor Penalty to Landon Ferraro for Cross-checking.
15:19 of 3rd period - Jason Chimera wins face-off versus Tyler Kennedy in Comets zone.
15:20 of 3rd period - Wrist shot by Jim O'Brien.
15:20 of 3rd period - Deflect By Jason Chimera.
15:20 of 3rd period - Stopped by Mike Condon with a rebound.
15:22 of 3rd period - Wrist shot by Peter Harrold.
15:22 of 3rd period - Stopped by Mike Condon with a rebound.
15:24 of 3rd period - Snap shot by Peter Harrold.
15:24 of 3rd period - Shot Misses the Net.
16:45 of 3rd period - Snap shot by Andrew Gordon.
16:45 of 3rd period - Stopped by Mike Condon with a rebound.
16:47 of 3rd period - Wrist shot by Michael Latta.
16:47 of 3rd period - Shot Misses the Net.
16:49 of 3rd period - Slapshot by Blake Parlett.
16:49 of 3rd period - Shot Blocked by Andrew Ference.
17:03 of 3rd period - Jeremy Welsh is hit by Jason Chimera and loses puck.
17:18 of 3rd period - Penalty to Landon Ferraro is over, Landon Ferraro is back on ice.
17:26 of 3rd period - Wrist shot by Adam Cracknell.
17:26 of 3rd period - Stopped by Mike Condon with a rebound.
17:28 of 3rd period - Snap shot by Andrew Gordon.
17:28 of 3rd period - Shot Misses the Net.
17:36 of 3rd period - Adam Cracknell is hit by Jared Boll and loses puck.
18:03 of 3rd period - Off-side.
18:04 of 3rd period - Brendan Gaunce wins face-off versus Michael Latta in neutral zone.
18:11 of 3rd period - Wrist shot by Andrew Gordon.
18:11 of 3rd period - Stopped by Mike Condon without a rebound.
18:12 of 3rd period - Michael Latta wins face-off versus Brendan Gaunce in Comets zone.
19:30 of 3rd period - Scott Glennie is hit by Michael Sdao and loses puck.
Goals for this period are 1 for Checkers vs 1 for Comets.
Shots for this period are 18 for Checkers vs 9 for Comets.

Overtime #1


0:01 of 1st overtime period - Colin Campbell wins face-off versus Tyler Kennedy in neutral zone.
0:14 of 1st overtime period - Slapshot by Aaron Ness.
0:14 of 1st overtime period - Stopped by Mike Condon with a rebound.
0:19 of 1st overtime period - 10 Minutes Misconduct Penalty to Brandon Mashinter is over.
0:31 of 1st overtime period - Slapshot by Andrew Ference.
0:31 of 1st overtime period - Stopped by Drew MacIntyre without a rebound.
0:32 of 1st overtime period - Mike Sislo wins face-off versus Brandon Mashinter in Checkers zone.
1:56 of 1st overtime period - Slapshot by Andrew Ference.
1:56 of 1st overtime period - Stopped by Drew MacIntyre with a rebound.
2:51 of 1st overtime period - Slapshot by Keith Ballard.
2:51 of 1st overtime period - Shot Blocked by Michael Sdao.
3:09 of 1st overtime period - Brandon Mashinter is hit by Brendan Gaunce and loses puck.
3:21 of 1st overtime period - Icing by Ben Hanowski.
3:22 of 1st overtime period - Brendan Gaunce wins face-off versus Brandon Mashinter in Comets zone.
4:08 of 1st overtime period - Mike Sislo is hit by Blake Parlett and loses puck.
4:35 of 1st overtime period - Slapshot by John Scott.
4:35 of 1st overtime period - Shot Blocked by Michael Sdao.
4:37 of 1st overtime period - Slapshot by Mark Pysyk.
4:37 of 1st overtime period - Stopped by Drew MacIntyre without a rebound.
4:38 of 1st overtime period - Nicklas Jensen wins face-off versus Brandon Mashinter in Checkers zone.
4:55 of 1st overtime period - Wrist shot by Tyler Kennedy.
4:55 of 1st overtime period - Deflect By Aaron Ness.
4:55 of 1st overtime period - Shot Misses the Net.
4:55 of 1st overtime period - Puck is out of play.
4:56 of 1st overtime period - Colin Campbell wins face-off versus Mike Sislo in Checkers zone.
Goals for this period are 0 for Checkers vs 0 for Comets.
Shots for this period are 1 for Checkers vs 3 for Comets.

ShootOut


5:00 of 1st overtime period - Penalty Shot by Sean Backman for Checkers.
5:00 of 1st overtime period - Backhand shot by Sean Backman.
5:00 of 1st overtime period - Shot Misses the Net.
5:00 of 1st overtime period - Penalty Shot by John Scott for Comets.
5:00 of 1st overtime period - Snap shot by John Scott.
5:00 of 1st overtime period - Stopped by Drew MacIntyre.
5:00 of 1st overtime period - Penalty Shot by Michael Latta for Checkers.
5:00 of 1st overtime period - Backhand shot by Michael Latta.
5:00 of 1st overtime period - Stopped by Mike Condon.
5:00 of 1st overtime period - Penalty Shot by Tyler Kennedy for Comets.
5:00 of 1st overtime period - Deke by Tyler Kennedy.
5:00 of 1st overtime period - Stopped by Drew MacIntyre.
5:00 of 1st overtime period - Penalty Shot by Jim O'Brien for Checkers.
5:00 of 1st overtime period - Snap shot by Jim O'Brien.
5:00 of 1st overtime period - Stopped by Mike Condon.
5:00 of 1st overtime period - Penalty Shot by Mike Sislo for Comets.
5:00 of 1st overtime period - Wrist shot by Mike Sislo.
5:00 of 1st overtime period - Stopped by Drew MacIntyre.
5:00 of 1st overtime period - Penalty Shot by Andrew Gordon for Checkers.
5:00 of 1st overtime period - Wrist shot by Andrew Gordon.
5:00 of 1st overtime period - Stopped by Mike Condon.
5:00 of 1st overtime period - Penalty Shot by Jared Boll for Comets.
5:00 of 1st overtime period - Deke by Jared Boll.
5:00 of 1st overtime period - Stopped by Drew MacIntyre.
5:00 of 1st overtime period - Penalty Shot by Brandon Mashinter for Checkers.
5:00 of 1st overtime period - Snap shot by Brandon Mashinter.
5:00 of 1st overtime period - Stopped by Mike Condon.
5:00 of 1st overtime period - Penalty Shot by Jeremy Welsh for Comets.
5:00 of 1st overtime period - Wrist shot by Jeremy Welsh.
5:00 of 1st overtime period - Shot Misses the Net.
5:00 of 1st overtime period - Penalty Shot by Jason Chimera for Checkers.
5:00 of 1st overtime period - Wrist shot by Jason Chimera.
5:00 of 1st overtime period - Stopped by Mike Condon.
5:00 of 1st overtime period - Penalty Shot by Landon Ferraro for Comets.
5:00 of 1st overtime period - Backhand shot by Landon Ferraro.
5:00 of 1st overtime period - Goal by Landon Ferraro.